 Dungeon Crawl Stone Soup version 0.21.1-1-g345015f (webtiles) character file.

14 letownia2 the Magician (level 2, 0/19 HPs)
             Began as a Merfolk Wizard on Mar 19, 2018.
             Slain by a jackal (2 damage)
             ... on level 2 of the Dungeon.
             The game lasted 00:01:38 (292 turns).

letownia2 the Magician (Merfolk Wizard)              Turns: 292, Time: 00:01:39

Health: 0/19       AC:  3    Str:  7    XL:     2   Next: 45%
Magic:  1/6        EV: 13    Int: 17    God:
Gold:   46         SH:  0    Dex: 12    Spells: 4/7 levels left

rFire    . . .     SeeInvis .   e - +0 dagger
rCold    . . .     Gourm    .   (no shield)
rNeg     . . .     Faith    .   a - +0 robe
rPois    .         Spirit   .   b - +0 hat
rElec    .         Reflect  .   (no cloak)
rCorr    .         Harm     .   (no gloves)
MR       .....     Rnd*Tele +   (no boots)
Stlth    ++........             (no amulet)
HPRegen  0.06/turn              (no ring)
MPRegen  0.10/turn              (no ring)

@: very slightly contaminated
A: change form in water, swift swim, stealthy swim, rugged brown scales 1,
mutation resistance 1, teleportitis 1
a: no special abilities


You were on level 2 of the Dungeon.
You were not hungry.

You visited 1 branch of the dungeon, and saw 2 of its levels.

You collected 46 gold pieces.

Inventory:

Hand Weapons
 e - a +0 dagger (weapon)
Armour
 a - a +0 robe (worn)
 b - a +0 hat (worn)
Scrolls
 f - a scroll of fear {unknown}
 g - 2 scrolls of remove curse {unknown}
 j - a scroll of random uselessness {unknown}
 k - a scroll of teleportation {unknown}
Potions
 h - a potion of lignification {unknown}
 i - a potion of mutation
 l - a potion of heal wounds {unknown}
Books
 c - a book of Minor Magic

   Spells                             Type                      Level
   a - Magic Dart                     Conjuration                  1
   b - Blink                          Translocation                2
   c - Call Imp                       Summoning                    2
   d - Slow                           Hexes                        2
   e - Conjure Flame                  Conjuration/Fire             3
   f - Mephitic Cloud                 Conjuration/Poison/Air       3
Comestibles
 d - a ration


   Skills:
 - Level 2.6 Dodging
 - Level 2.1 Stealth
 - Level 3.0 Spellcasting
 - Level 1.7 Conjurations
 + Level 1.3 Summonings
   Level 0.7 Translocations


You had 4 spell levels left.
You knew the following spells:

 Your Spells              Type           Power        Failure   Level  Hunger
a - Magic Dart            Conj           #...         9%          1    None
i - Call Imp              Summ           #.......     16%         2    ##.....


Dungeon Overview and Level Annotations

Branches:
Dungeon (2/15)

Altars:


Innate Abilities, Weirdness & Mutations

You revert to your normal form in water.
You are very nimble and swift while swimming.
You are very stealthy in the water. (Stealth+)
You are partially covered in rugged brown scales. (AC +1, +3% HP)
You are somewhat resistant to further mutation.
You are occasionally teleported next to monsters.


Message History

The jackal bites you but does no damage.
You hit the jackal.
The jackal is moderately wounded.
The jackal barely misses you. The jackal misses you. x2
The jackal bites you but does no damage.
You barely miss the jackal.
The jackal is moderately wounded.
The jackal barely misses you. The jackal closely misses you.
The jackal bites you.
* * * LOW HITPOINT WARNING * * *
The jackal bites you but does no damage.
The jackal misses you.
It was a potion of mutation.
You feel extremely strange.
You feel weirdly uncertain.
You feel genetically stable.
Rugged brown scales grow over part of your body.
The jackal misses you. x2; The jackal closely misses you. x2
You hit the jackal but do no damage.
The jackal is moderately wounded.
The jackal bites you.
You die...

#.#####
.###.....#
.........#
#.$......#
#........#
#......#
#..)..#
#...hh#
#..?h@#
#######
### ..##
#...


You could see 3 jackals.

Vanquished Creatures
  A goblin (D:2)
  2 hobgoblins
  A jackal (D:2)
  A kobold (D:1)
  A ball python (D:2)
  4 bats
  3 frilled lizards (D:2)
  3 rats (D:1)
16 creatures vanquished.

Notes
Turn   | Place    | Note
-------+----------+-------------------------------------------
     0 | D:1      | letownia2 the Merfolk Wizard began the quest for the Orb.
     0 | D:1      | Reached XP level 1. HP: 13/13 MP: 4/4
     5 | D:1      | Reached skill level 1 in Conjurations
   124 | D:1      | Reached XP level 2. HP: 14/19 MP: 0/6
   208 | D:2      | Learned a level 2 spell: Call Imp
   291 | D:2      | Gained mutation: You are occasionally teleported next to monsters. [potion of mutation]
   291 | D:2      | Gained mutation: You are somewhat resistant to further mutation. [potion of mutation]
   291 | D:2      | Gained mutation: You are partially covered in rugged brown scales. (AC +1, +3% HP) [potion of mutation]
   292 | D:2      | Slain by a jackal

Skill      XL: |  1 |
---------------+----+-----
Conjurations   | 1 |  1.7
Dodging        | |  2.6
Stealth        | |  2.1
Spellcasting   | |  3.0
Summonings     | |  1.3
Translocations | |  0.7

Action                   || total
-------------------------++-------
Melee: Dagger            ||    25
 Cast: Magic Dart        ||    23
  Use: Potion            ||     1
 Stab: Sleeping          ||     1
Armor: Robe              ||    13
Dodge: Dodged            ||    40
